 Dungeon Crawl Stone Soup version 0.31.0-32-g396128a36d (webtiles) character file.

Game seed: 18279125444996014994

14 monsoonserge the Ruffian (level 2, 0/23 HPs)
             Began as a Gnoll Shapeshifter on Mar 11, 2024.
             Slain by a gnoll
             ... wielding a +0 flail
              (12 damage)
             ... on level 3 of the Dungeon.
             The game lasted 00:01:09 (694 turns).

monsoonserge the Ruffian (Gnoll Shapeshifter)        Turns: 694, Time: 00:01:09

Health: 0/23       AC:  2    Str: 13    XL:     2   Next: 45%
Magic:  2/2        EV: 13    Int:  9    God:
Gold:   88         SH:  0    Dex: 11    Spells: 1/1 levels left

rFire   . .          .
                       - Unarmed
rCold   . . .        (no shield)
rNeg    . . .        a - +0 animal skin
rPois   .            (helmet currently unavailable)
rElec   .            (cloak currently unavailable)
rCorr   .            (gloves currently unavailable)
SInv    .            (boots currently unavailable)
Will    .....        (no amulet)
Stlth   +            (no ring)
HPRegen 0.23/turn    (no ring)
MPRegen 0.08/turn

%: no passive effects
@: beast-form
A: beast (slay +3), fangs 1, strong nose, distributed training
a: Begin Untransformation


You were on level 3 of the Dungeon.
You were a hulking beast.
You visited 1 branch of the dungeon, and saw 3 of its levels.

You collected 88 gold pieces.

Inventory:

Armour
 a - a +0 animal skin (worn)
Talismans
 c - a beast talisman
 d - a flux talisman
Scrolls
 f - a scroll of teleportation {unknown}
 g - 4 scrolls of identify {unknown}
 i - a scroll of noise {unknown}
 j - a scroll of enchant weapon {unknown}
 k - 2 scrolls of vulnerability {unknown}
 l - a scroll of fear {unknown}
Potions
 b - a potion of lignification
 e - a potion of enlightenment {unknown}
 h - 2 potions of heal wounds {unknown}


   Skills:
 + Level 2.5 Fighting
 + Level 0.4 Short Blades
 + Level 0.4 Long Blades
 + Level 0.4 Axes
 + Level 0.4 Maces & Flails
 + Level 0.4 Polearms
 + Level 0.4 Staves
 + Level 0.4 Ranged Weapons
 + Level 0.4 Throwing
 + Level 0.4 Armour
 + Level 4.5 Dodging
 + Level 0.4 Stealth
 + Level 0.4 Shields
 + Level 6.5 Unarmed Combat
 + Level 0.4 Spellcasting
 + Level 0.2 Conjurations
 + Level 0.2 Hexes
 + Level 0.2 Summonings
 + Level 0.2 Necromancy
 + Level 0.2 Translocations
 + Level 0.2 Fire Magic
 + Level 0.2 Ice Magic
 + Level 0.2 Air Magic
 + Level 0.2 Earth Magic
 + Level 0.2 Alchemy
 + Level 0.5 Invocations
 + Level 0.4 Evocations
 + Level 6.4 Shapeshifting


You had one spell level left.
You didn't know any spells.
Your spell library was empty.

Dungeon Overview and Level Annotations

Branches:
Dungeon (3/15)

Altars:


Innate Abilities, Weirdness & Mutations

You are a hulking beast.
Your limbs bulge with bestial killing power. (Slay +3)
You have very sharp teeth.
Your uncanny sense of smell can sniff out nearby items.
Your experience applies equally to all skills.


Message History

A quokka comes into view.
A ball python and a bat come into view.
The helpless quokka fails to defend itself.
You punch the quokka!
You kill the quokka!
You see here a quokka corpse.
The ball python hisses angrily.
The bat barely misses you. The bat hits you but does no damage.
The bat hits you.
You closely miss the bat. You bite the bat.
You kill the bat!
You hit the ball python.
You kill the ball python!
No target in view!
k - 2 scrolls labelled OKEGUE MYRI (gained 1)
A gnoll comes into view.
It is wielding a +0 flail. 2 gnolls come into view.
The gnoll shouts!
A gnoll comes into view. It is wielding a +0 flail.
The gnoll moves out of view.
The gnoll misses you.
The gnoll shouts!
The gnoll attacks as it pursues you! The gnoll barely misses you.
There is a stone staircase leading down here.
The gnoll barely misses you.
You climb downwards.
There is a stone staircase leading up here.
You hit the gnoll. You bite the gnoll.
The gnoll is lightly wounded.
You barely miss the gnoll.
The gnoll is lightly wounded.
The gnoll hits you with a +0 flail.
You completely miss the gnoll.
The gnoll is lightly wounded.
The gnoll hits you with a +0 flail.
You hit the gnoll.
The gnoll is moderately wounded.
The gnoll hits you with a +0 flail!
Ouch! That really hurt!
You die...

#.## # #...
#.#..# .#..# .
.... ...
######..###....
.............#.
......gh.......
........######.
#######.. #...
#.... #.....
.......
........


You could see a gnoll.

Vanquished Creatures
  2 ball pythons (D:2)
  3 endoplasms (D:1)
  A hobgoblin (D:2)
  2 quokkas
  2 bats
  2 frilled lizards
  A kobold (D:1)
13 creatures vanquished.

Notes
Turn   | Place    | Note
-------+----------+-------------------------------------------
     0 | D:1      | monsoonserge the Gnoll Shapeshifter began the quest for the
                  | Orb.
     0 | D:1      | Reached XP level 1. HP: 17/17 MP: 1/1
   118 | D:1      | Reached XP level 2. HP: 21/23 MP: 2/2
   129 | D:1      | Found Lizxurid's Assorted Antiques.
   694 | D:3      | Slain by a gnoll

Illustrated notes

Levels and vault maps discovered:
D:1:      enne_arrival_octagon_isle, layout_loops_ring, serial_shops,
          nicolae_shop_behind_doors, minmay_pentomino_r4
D:2:      layout_loops_ring, nicolae_twisty_statue_hallways, uniq_terence,
          uniq_robin
D:3:      layout_basic, trog_book

Action                     || total
---------------------------++-------
  Melee: Unarmed           ||    22
         Punch             ||     1
         Bite              ||     2
   Stab: Sleeping          ||     1
 Armour: Animal skin       ||    11
  Dodge: Dodged            ||    15
